ESL (28 & UNDER)
BUFFALO LIGHTSABRES @ READING RAINBOWS
09/06/2025
 
TOP OF THE 1ST
Buffalo LightSabres batting - Pitching for Reading Rainbows : RHP Nathan Seymour
Pitching: RHP Nathan Seymour
Batting: LHB Lucas Coleman 0-0: Ball
1-0: Swinging Strike
1-1: Swinging Strike
1-2: Ball
2-2: Ball
3-2: Strikes out looking
Batting: SHB Brian Price 0-0: Called Strike
0-1: Swinging Strike
0-2: Ball
1-2: Ball
2-2: Foul Ball, location: 2F
2-2: Fly out, F6 (Popup, 6MD)
Batting: LHB Juan Jose Pineda 0-0: Ball
1-0: Swinging Strike
1-1: Fly out, F9 (Flyball, 89D)
Top of the 1st over - 0 run(s), 0 hit(s), 0 error(s), 0 left on base; Buffalo 0 - Reading 0
BOTTOM OF THE 1ST
Reading Rainbows batting - Pitching for Buffalo LightSabres : LHP Clarence Skerratt
Pitching: LHP Clarence Skerratt
Batting: LHB Miguel Colón 0-0: Ball
1-0: SINGLE (Groundball, 6MD)
Batting: RHB Albert Lutz 0-0: Ball
1-0: Called Strike
1-1: Ball
2-1: Called Strike
2-2: Ball
3-2: Ground out U3 (Groundball, 3)
Miguel Colón to second
Batting: RHB Dan Banks 0-0: Called Strike
0-1: Ball
1-1: Called Strike
1-2: Fly out, F8 (Line Drive, 8LS)
Batting: RHB Germano Labrego 0-0: Ball
1-0: SINGLE (Groundball, 56D)
Miguel Colón to third
Runner from 3rd tries for Home, SAFE, no throw or cutoff
Batting: LHB Eduardo Rodríguez 0-0: Ball
1-0: Ball
2-0: Called Strike
2-1: Ball
3-1: Foul Ball, location: 2F
3-2: Strikes out swinging
Bottom of the 1st over - 1 run(s), 2 hit(s), 0 error(s), 1 left on base; Buffalo 0 - Reading 1
TOP OF THE 2ND
Buffalo LightSabres batting - Pitching for Reading Rainbows : RHP Nathan Seymour
Batting: LHB Chris Loudermilk 0-0: Called Strike
0-1: Ball
1-1: Foul Ball, location: 2F
1-2: Ground out U3 (Groundball, 3)
Batting: RHB Robby Lewis 0-0: Swinging Strike
0-1: Called Strike
0-2: Foul Ball, location: 2F
0-2: Foul Ball, location: 2F
0-2: Ball
1-2: DOUBLE (Flyball, 8RD)
Batting: LHB Craig Kenney 0-0: Ball
1-0: Called Strike
1-1: Foul Ball, location: 2F
1-2: Ball
2-2: 2-RUN HOME RUN (Flyball, 89XD), Distance : 395 ft
Batting: RHB Naomi Kitamura 0-0: Ball
1-0: Ball
2-0: Ball
3-0: Base on Balls
Batting: RHB Francisco Gallegos 0-0: Called Strike
0-1: Called Strike
0-2: Ball
1-2: Fly out, F3 (Popup, 3)
Batting: LHB Sixto Cortés 0-0: Foul Ball, location: 2F
0-1: Ball
1-1: Foul Ball, location: 2F
1-2: Strikes out looking
Top of the 2nd over - 2 run(s), 2 hit(s), 0 error(s), 1 left on base; Buffalo 2 - Reading 1
BOTTOM OF THE 2ND
Reading Rainbows batting - Pitching for Buffalo LightSabres : LHP Clarence Skerratt
Batting: LHB Alfonso Ruíz 0-0: Called Strike
0-1: Ball
1-1: Ball
2-1: Called Strike
2-2: Fly out, F6 (Popup, 6M)
Batting: RHB Ron King 0-0: Ball
1-0: Foul Ball, location: 2F
1-1: Ball
2-1: Foul Ball, location: 2F
2-2: Foul Ball, location: 2F
2-2: Strikes out looking
Batting: RHB Donald Sanford 0-0: Ball
1-0: Foul Ball, location: 2F
1-1: Ball
2-1: SOLO HOME RUN (Flyball, 7D), Distance : 357 ft
Batting: RHB Louis Smith 0-0: Ground out 6-3 (Groundball, 6)
Bottom of the 2nd over - 1 run(s), 1 hit(s), 0 error(s), 0 left on base; Buffalo 2 - Reading 2
TOP OF THE 3RD
Buffalo LightSabres batting - Pitching for Reading Rainbows : RHP Nathan Seymour
Batting: LHB Lucas Coleman 0-0: Ball
1-0: Ball
2-0: Foul Ball, location: 2F
2-1: Swinging Strike
2-2: Foul Ball, location: 2F
2-2: Strikes out swinging
Batting: SHB Brian Price 0-0: Ball
1-0: Swinging Strike
1-1: Called Strike
1-2: Foul Ball, location: 2F
1-2: Ball
2-2: Strikes out swinging
Batting: LHB Juan Jose Pineda 0-0: Ball
1-0: Called Strike
1-1: Foul Ball, location: 2F
1-2: Ball
2-2: Strikes out looking
Top of the 3rd over - 0 run(s), 0 hit(s), 0 error(s), 0 left on base; Buffalo 2 - Reading 2
BOTTOM OF THE 3RD
Reading Rainbows batting - Pitching for Buffalo LightSabres : LHP Clarence Skerratt
Batting: LHB Miguel Colón 0-0: Ball
1-0: Swinging Strike
1-1: Called Strike
1-2: Strikes out looking
Batting: RHB Albert Lutz 0-0: SOLO HOME RUN (Flyball, 7D), Distance : 361 ft
Batting: RHB Dan Banks 0-0: Ground out 5-3 (Groundball, 56S)
Batting: RHB Germano Labrego 0-0: Fly out, F3 (Popup, 3F)
Bottom of the 3rd over - 1 run(s), 1 hit(s), 0 error(s), 0 left on base; Buffalo 2 - Reading 3
TOP OF THE 4TH
Buffalo LightSabres batting - Pitching for Reading Rainbows : RHP Nathan Seymour
Batting: LHB Chris Loudermilk 0-0: Foul Ball, location: 2F
0-1: Ball
1-1: Ball
2-1: Ball
3-1: SINGLE (Line Drive, 89S)
Batting: RHB Robby Lewis 0-0: Called Strike
0-1: Ball
1-1: Called Strike
1-2: Ball
2-2: Ball
3-2: Foul Ball, location: 2F
3-2: SINGLE (Line Drive, 78S)
Chris Loudermilk to second
Chris Loudermilk to third
Batting: LHB Craig Kenney 0-0: Ball
1-0: Ball
2-0: Reached on Error, E8 (Flyball, 8RD)
Chris Loudermilk scores
Robby Lewis to third
Batting: RHB Naomi Kitamura 0-0: Called Strike
0-1: Foul Ball, location: 2F
0-2: Ball
1-2: Strikes out swinging
Batting: RHB Francisco Gallegos 0-0: Called Strike
0-1: Ground out 4-3 (Groundball, 4M)
Robby Lewis scores
Craig Kenney to third
Batting: LHB Sixto Cortés 0-0: Called Strike
0-1: Called Strike
0-2: Ball
1-2: Strikes out swinging
Top of the 4th over - 2 run(s), 2 hit(s), 1 error(s), 1 left on base; Buffalo 4 - Reading 3
BOTTOM OF THE 4TH
Reading Rainbows batting - Pitching for Buffalo LightSabres : LHP Clarence Skerratt
Batting: LHB Eduardo Rodríguez 0-0: Ball
1-0: Called Strike
1-1: Foul Ball, location: 2F
1-2: Strikes out swinging
Batting: LHB Alfonso Ruíz 0-0: Foul Ball, location: 2F
0-1: Fly out, F8 (Flyball, 78D)
Batting: RHB Ron King 0-0: Swinging Strike
0-1: SINGLE (Groundball, 15S) (infield hit)
Batting: RHB Donald Sanford 0-0: Ball
1-0: Ball
2-0: Called Strike
2-1: Ground out 4-3 (Groundball, 4)
Bottom of the 4th over - 0 run(s), 1 hit(s), 0 error(s), 1 left on base; Buffalo 4 - Reading 3
TOP OF THE 5TH
Buffalo LightSabres batting - Pitching for Reading Rainbows : RHP Nathan Seymour
Batting: LHB Lucas Coleman 0-0: Ball
1-0: Fly out, F9 (Flyball, 89M)
Batting: SHB Brian Price 0-0: Ball
1-0: Ball
2-0: Fly out, F7 (Flyball, 7M)
Batting: LHB Juan Jose Pineda 0-0: Swinging Strike
0-1: Swinging Strike
0-2: Strikes out swinging
Top of the 5th over - 0 run(s), 0 hit(s), 0 error(s), 0 left on base; Buffalo 4 - Reading 3
BOTTOM OF THE 5TH
Reading Rainbows batting - Pitching for Buffalo LightSabres : LHP Clarence Skerratt
Batting: RHB Louis Smith 0-0: Ball
1-0: Ground out 6-3 (Groundball, 6)
Batting: LHB Miguel Colón 0-0: Ball
1-0: Foul Ball, location: 2F
1-1: Ball
2-1: Ball
3-1: Foul Ball, location: 2F
3-2: Base on Balls
Batting: RHB Albert Lutz 0-0: Ball
1-0: Ground out 6-3 (Groundball, 6MS)
Miguel Colón to second
Batting: RHB Dan Banks 0-0: Swinging Strike
0-1: Foul Ball, location: 2F
0-2: Ball
1-2: Ball
2-2: Ball
3-2: SINGLE (Groundball, 56D)
Miguel Colón to third
Miguel Colón scores
Batting: RHB Germano Labrego 0-0: Called Strike
0-1: SINGLE (Flyball, 7S)
Dan Banks to second
Runner from 2nd tries for 3rd, SAFE, no throw or cutoff
Batting: LHB Eduardo Rodríguez 0-0: Called Strike
0-1: Ball
1-1: Called Strike
1-2: Strikes out swinging
Bottom of the 5th over - 1 run(s), 2 hit(s), 0 error(s), 2 left on base; Buffalo 4 - Reading 4
TOP OF THE 6TH
Buffalo LightSabres batting - Pitching for Reading Rainbows : RHP Nathan Seymour
Batting: LHB Chris Loudermilk 0-0: Ground out 1-3 (Groundball, 15S)
Batting: RHB Robby Lewis 0-0: Ball
1-0: Ball
2-0: Swinging Strike
2-1: Foul Ball, location: 2F
2-2: Ball
3-2: Strikes out swinging
Batting: LHB Craig Kenney 0-0: Called Strike
0-1: Fly out, F7 (Flyball, 7LM)
Top of the 6th over - 0 run(s), 0 hit(s), 0 error(s), 0 left on base; Buffalo 4 - Reading 4
BOTTOM OF THE 6TH
Reading Rainbows batting - Pitching for Buffalo LightSabres : LHP Clarence Skerratt
Batting: LHB Alfonso Ruíz 0-0: Called Strike
0-1: Hit by Pitch
Batting: RHB Ron King 0-0: Ball
1-0: Swinging Strike
1-1: Grounds into double play, 6-4-3 (Groundball, 6)
Batting: RHB Donald Sanford 0-0: Fly out, F9 (Popup, 9S)
Bottom of the 6th over - 0 run(s), 0 hit(s), 0 error(s), 0 left on base; Buffalo 4 - Reading 4
TOP OF THE 7TH
Buffalo LightSabres batting - Pitching for Reading Rainbows : RHP Nathan Seymour
Pitching: LHP Robby Hall
Batting: RHB Naomi Kitamura 0-0: Called Strike
0-1: Ball
1-1: Ball
2-1: Called Strike
2-2: Strikes out swinging
Batting: RHB Francisco Gallegos 0-0: Ball
1-0: Swinging Strike
1-1: Ground out 5-3 (Groundball, 5)
Batting: LHB Sixto Cortés 0-0: Called Strike
0-1: Ball
1-1: Swinging Strike
1-2: Strikes out swinging
Top of the 7th over - 0 run(s), 0 hit(s), 0 error(s), 0 left on base; Buffalo 4 - Reading 4
BOTTOM OF THE 7TH
Reading Rainbows batting - Pitching for Buffalo LightSabres : LHP Clarence Skerratt
Batting: RHB Louis Smith 0-0: Ball
1-0: Fly out, F2 (Popup, 2LF)
Pinch Hitting: RHB Wyatt McKinnon 0-0: Ball
1-0: Ball
2-0: SINGLE (Line Drive, 56D)
Batting: RHB Albert Lutz 0-0: Ground out 5-3 (Groundball, 5)
Wyatt McKinnon to second
Batting: RHB Dan Banks 0-0: Ball
1-0: Ball
2-0: Called Strike
2-1: Foul Ball, location: 2F
2-2: Strikes out swinging
Bottom of the 7th over - 0 run(s), 1 hit(s), 0 error(s), 1 left on base; Buffalo 4 - Reading 4
TOP OF THE 8TH
Buffalo LightSabres batting - Pitching for Reading Rainbows : LHP Robby Hall
Now in CF: Wyatt McKinnon
Pinch Hitting: RHB Keith Sims 0-0: Called Strike
0-1: Swinging Strike
0-2: Ball
1-2: Strikes out swinging
Batting: SHB Brian Price 0-0: Ball
1-0: Called Strike
1-1: Foul Ball, location: 2F
1-2: Ball
2-2: Foul Ball, location: 2F
2-2: Ball
3-2: Foul Ball, location: 2F
3-2: Strikes out swinging
Batting: LHB Juan Jose Pineda 0-0: Called Strike
0-1: Ball
1-1: Ball
2-1: Foul Ball, location: 2F
2-2: SINGLE (Line Drive, 9LS)
Batting: LHB Chris Loudermilk 0-0: Ball
1-0: Called Strike
1-1: Ground out 4-3 (Groundball, 34)
Top of the 8th over - 0 run(s), 1 hit(s), 0 error(s), 1 left on base; Buffalo 4 - Reading 4
BOTTOM OF THE 8TH
Reading Rainbows batting - Pitching for Buffalo LightSabres : LHP Clarence Skerratt
Now at 2B: Keith Sims
Batting: RHB Germano Labrego 0-0: Ball
1-0: Swinging Strike
1-1: Foul Ball, location: 2F
1-2: Hit by Pitch
Pitching: RHP Pat Monroe
Pinch Runner at 1st Carlos Huerta:
Batting: LHB Eduardo Rodríguez 0-0: Ball
1-0: Fly out, F6 (Popup, 6)
Batting: LHB Alfonso Ruíz 0-0: SINGLE (Popup, 7LS)
Carlos Huerta to second
Pinch Hitting: LHB Shane Lynch 0-0: Ball
1-0: Sac Bunt - play at first, batter OUT! 1-4
Carlos Huerta to third
Alfonso Ruíz to second
Pinch Hitting: LHB Richard Henry 0-0: Ball
1-0: Ball
2-0: Ball
3-0: Base on Balls
Batting: RHB Louis Smith 0-0: Called Strike
0-1: Ball
1-1: Fielders Choice at 2nd, 6-4 (Groundball, 6)
Bottom of the 8th over - 0 run(s), 1 hit(s), 0 error(s), 2 left on base; Buffalo 4 - Reading 4
TOP OF THE 9TH
Buffalo LightSabres batting - Pitching for Reading Rainbows : LHP Robby Hall
Pitching: RHP Alden Parker
Now at 2B: Kyle Hollingsworth
Now at SS: Tim Davis
Now in CF: Shane Lynch
Pinch Hitting: LHB Paul Alston 0-0: Ball
1-0: SOLO HOME RUN (Flyball, 9D), Distance : 360 ft
Batting: LHB Craig Kenney 0-0: Ball
1-0: Ball
2-0: SINGLE (Groundball, 3S)
Batting: RHB Naomi Kitamura 0-0: Bunted foul
0-1: Ball
1-1: Bunted foul
1-2: Ball
2-2: Ball
3-2: Strikes out swinging
Craig Kenney steals 2nd base
Batter strikes out.
Pinch Hitting: RHB Albert Chávez 0-0: Ball
1-0: Ball
2-0: Foul Ball, location: 2F
2-1: Ball
3-1: Called Strike
3-2: Strikes out looking
Batting: LHB Sixto Cortés 0-0: Ball
Craig Kenney is caught stealing 3rd base
Top of the 9th over - 1 run(s), 2 hit(s), 0 error(s), 0 left on base; Buffalo 5 - Reading 4
BOTTOM OF THE 9TH
Reading Rainbows batting - Pitching for Buffalo LightSabres : RHP Pat Monroe
Pitching: RHP Gavin Robbins
Now at 1B: Paul Alston
Now at 2B: Albert Chávez
Now in LF: José Pérez
Batting: RHB Wyatt McKinnon 0-0: Reached on error, E4 (Groundball, 4M)
Batting: RHB Albert Lutz 0-0: Ball
1-0: 2-RUN HOME RUN (Flyball, 7D), Distance : 381 ft
This league is powered by Out of the Park Baseball, the baseball management simulation game for PC, Mac and Linux
Tuesday, August 2nd, 2016 - OOTP Baseball 16.8 Build 38